 Dungeon Crawl Stone Soup version 0.30.1-11-g7821555f0a (webtiles) character file.

Game seed: 4545013700159227451

25 H0rd4k the Charlatan (level 3, 0/26 HPs)
             Began as a Human Artificer on Nov 10, 2023.
             Succumbed to an adder's poison
             ... on level 2 of the Dungeon.
             The game lasted 00:01:44 (887 turns).

H0rd4k the Charlatan (Human Artificer)               Turns: 887, Time: 00:01:45

Health: 0/26       AC:  3    Str: 12    XL:     3   Next: 20%
Magic:  3/3        EV: 11    Int: 13    God:
Gold:   57         SH:  0    Dex: 13    Spells: 2/2 levels left

rFire   . . .        a - +0 club
rCold   . . .        (no shield)
rNeg    . . .        b - +0 leather armour
rPois   .            (no helmet)
rElec   .            (no cloak)
rCorr   .            (no gloves)
SInv    .            (no boots)
Will    .....        (no amulet)
Stlth   +            (no ring)
HPRegen 0.24/turn    (no ring)
MPRegen 0.08/turn

%: no passive effects
@: lethally poisoned (0 -> -3), hasted, very quick
A: no striking features
a: no special abilities


You were on level 2 of the Dungeon.
You visited 1 branch of the dungeon, and saw 2 of its levels.

You collected 57 gold pieces.

Inventory:

Hand Weapons
 a - a +0 club (weapon)
Missiles
 g - a throwing net
 j - 4 javelins (quivered)
Armour
 b - a +0 leather armour (worn)
Wands
 c - a wand of flame (15)
 d - a wand of charming (13)
 e - a wand of iceblast (5)
Scrolls
 f - a scroll of identify {unknown}
 h - a scroll of amnesia {unknown}


   Skills:
 + Level 1.0 Fighting
 + Level 0.5 Maces & Flails
 - Level 2.0 Armour
 + Level 1.3 Dodging
 - Level 1.0 Stealth
 + Level 3.9 Evocations


You had 2 spell levels left.
You didn't know any spells.
Your spell library was empty.

Dungeon Overview and Level Annotations

Branches:
Dungeon (2/15)

Altars:


Message History

The bat barely misses you. The bat closely misses you. The adder bites you.
You are poisoned.
The adder poisons you! The hobgoblin hits you. x2
You miss the adder.
The adder is lightly wounded.
You feel sick.
The bat closely misses you. x2; The adder bites you.
The hobgoblin misses you. The hobgoblin closely misses you.
The adder barely misses you. The hobgoblin closely misses you.
The hobgoblin hits you.
* * * LOW HITPOINT WARNING * * *
The bat hits you but does no damage. The adder attacks as you move away!
The adder barely misses you.
You feel sick. The bat hits you but does no damage.
The adder attacks as you move away! The adder bites you.
* * * LOW HITPOINT WARNING * * *
You are lethally poisoned!
The adder poisons you!
* * * LOW HITPOINT WARNING * * *
You feel sick. The adder barely misses you.
Aiming: Throw Flame
Press: ? - help, Shift-Dir - straight line, f - adder
Aim: an adder (lightly wounded, 53% to hit)
Okay, then.
Aiming: Charm
Press: ? - help, Shift-Dir - straight line, f - adder
Aim: an adder (lightly wounded, chance to affect: 67%)
The adder struggles to resist.
* * * LOW HITPOINT WARNING * * *
You feel sick. The adder bites you.
* * * LOW HITPOINT WARNING * * *
Aiming: Charm
Press: ? - help, Shift-Dir - straight line, f/p - adder
Aim: an adder (lightly wounded, chance to affect: 67%)
The adder is charmed.
* * * LOW HITPOINT WARNING * * *
You feel sick.
The bat hits your adder but does no damage.
The hobgoblin closely misses your adder.
It was a potion of haste.
You feel yourself speed up.
You die...

#...#### #.#
.......# #.#
.......####.#
..[.......<.#
#.^.#########
#...#
#...##############
##....†..........#
###############@#
##g# #.S#
........g.?....
#$##.....##.##.
##.#.## .# .###.
## #


You could see 2 hobgoblins and a friendly adder (charmed).

Vanquished Creatures
  A dart slug (D:1)
  4 endoplasms (D:1)
  A goblin (D:1)
  A hobgoblin (D:1)
  2 quokkas (D:1)
  2 ball pythons (D:1)
  3 bats (D:1)
  2 frilled lizards (D:1)
  2 kobolds (D:1)
  5 rats
23 creatures vanquished.

Notes
Turn   | Place    | Note
-------+----------+-------------------------------------------
     0 | D:1      | H0rd4k the Human Artificer began the quest for the Orb.
     0 | D:1      | Reached XP level 1. HP: 15/15 MP: 1/1
   143 | D:1      | Reached XP level 2. HP: 17/21 MP: 2/2
   401 | D:1      | Found a faded altar of an unknown god.
   453 | D:1      | Reached XP level 3. HP: 22/26 MP: 3/3
   886 | D:2      | HP: 1/26 [poisoned by an adder]
   887 | D:2      | Succumbed to an adder's poison

Illustrated notes

Levels and vault maps discovered:
D:1:      dpeg_arrival_prison, layout_basic, ebering_ecumenical_altar_hall
D:2:      layout_loops_ring, minmay_ruptured

Action                     || total
---------------------------++-------
  Melee: Club              ||   106
         Punch             ||     1
  Evoke: Wand              ||     2
    Use: Potion            ||     1
   Stab: Sleeping          ||     2
 Armour: Leather armour    ||    44
  Dodge: Dodged            ||    77
